IL
LEHIGH VALLEY IRONPIGS @ NORFOLK TIDES
05/03/2099
 
TOP OF THE 1ST
Lehigh Valley IronPigs batting - Pitching for Norfolk Tides : RHP Aaron Hayhurst
Pitching: RHP Aaron Hayhurst
Batting: LHB Justin Clark 0-0: Ground out 5-3 (Groundball, 56S, EV 71.9 MPH)
Batting: RHB Mike Hadley 0-0: Ball
1-0: Swinging Strike
1-1: Ball
2-1: Swinging Strike
2-2: Strikes out swinging
Batting: RHB Ricardo Ortiz 0-0: Foul Ball, location: 2F
0-1: Ball
1-1: Called Strike
1-2: Ground out 6-3 (Groundball, 6, EV 85.0 MPH)
Top of the 1st over - 0 runs, 0 hits, 0 errors, 0 left on base; Lehigh Valley 0 - Norfolk 0
BOTTOM OF THE 1ST
Norfolk Tides batting - Pitching for Lehigh Valley IronPigs : RHP Leonardo Aguirre
Pitching: RHP Leonardo Aguirre
Batting: SHB Jarrett Crawford 0-0: Fly out, F7 (Flyball, 7D, EV 97.5 MPH)
Batting: LHB Andres Lopez 0-0: Called Strike
0-1: Foul Ball, location: 5FF
0-2: Ball
1-2: Ball
2-2: Foul Ball, location: 7LDF
2-2: Foul Ball, location: 23F
2-2: Ground out 6-3 (Groundball, 6M, EV 80.6 MPH)
Batting: RHB Anthon de Graauw 0-0: Ball
1-0: Called Strike
1-1: Ground out 5-3 (Groundball, 56, EV 81.9 MPH)
Bottom of the 1st over - 0 runs, 0 hits, 0 errors, 0 left on base; Lehigh Valley 0 - Norfolk 0
TOP OF THE 2ND
Lehigh Valley IronPigs batting - Pitching for Norfolk Tides : RHP Aaron Hayhurst
Batting: RHB John Zanin 0-0: Called Strike
0-1: SINGLE (Line Drive, 8LS, EV 89.4 MPH)
Batting: SHB Cesar Quinteros 0-0: Foul Ball, location: 25FF
0-1: Ball
1-1: Ball
2-1: Ball
3-1: Base on Balls
John Zanin to second
Batting: RHB Aaron Marler 0-0: Called Strike
0-1: Ball
1-1: Ball
2-1: Fielders Choice at 2nd, 5-4 (Groundball, 56, EV 85.0 MPH)
John Zanin to third
Batting: RHB Jiao-long Xue 0-0: Called Strike
0-1: Foul Ball, location: 2F
0-2: Strikes out swinging
Batting: LHB Jim Unknown 0-0: Ball
1-0: Ball
2-0: Swinging Strike
2-1: Called Strike
2-2: Ball
3-2: SINGLE (Line Drive, 89M, EV 95.0 MPH)
John Zanin scores
Aaron Marler to second
Aaron Marler to third
Batting: SHB Jim Unknown 0-0: SINGLE (Line Drive, 4D, EV 96.9 MPH)
Aaron Marler scores
Jim Unknown to second
Runner from 2nd tries for 3rd, SAFE, throw by RF made to third
Batting: LHB Justin Clark 0-0: Ball
Wild Pitch!
Jim Unknown scores
Jim Unknown to second
1-0: Swinging Strike
1-1: Ball
2-1: Ball
3-1: Ground out 4-3 (Groundball, 4MD, EV 105.6 MPH)
Top of the 2nd over - 3 runs, 3 hits, 0 errors, 1 left on base; Lehigh Valley 3 - Norfolk 0
BOTTOM OF THE 2ND
Norfolk Tides batting - Pitching for Lehigh Valley IronPigs : RHP Leonardo Aguirre
Batting: LHB Kevin Traynham 0-0: Called Strike
0-1: Fly out, F9 (Flyball, 9, EV 98.1 MPH)
Batting: RHB Dale Norvell 0-0: Called Strike
0-1: Fly out, F9 (Flyball, 89M, EV 91.3 MPH)
Batting: LHB Jesus Garcia 0-0: Ball
1-0: Called Strike
1-1: Ball
2-1: Foul Ball, location: 2F
2-2: Ball
3-2: Foul Ball, location: 2F
3-2: SOLO HOME RUN (Flyball, 7D, EV 99.4 MPH), Distance : 391 ft
Batting: RHB Gene Wilcox 0-0: Ball
1-0: Ball
2-0: SINGLE (Groundball, 4MD, EV 108.1 MPH)
Batting: RHB Lloyd Hallamore 0-0: Ball
1-0: Ball
2-0: Called Strike
2-1: Ball
3-1: Base on Balls
Gene Wilcox to second
Batting: SHB Jamie St. John 0-0: Foul Ball, location: 9LMF
0-1: Called Strike
0-2: Foul Ball, location: 23F
0-2: Foul Ball, location: 25F
0-2: Ball
1-2: Ball
2-2: SINGLE (Line Drive, 8LS, EV 96.3 MPH)
Gene Wilcox to third
Lloyd Hallamore to second
Runner from 3rd tries for Home, SAFE, throw by CF to home
Batting: SHB Jarrett Crawford 0-0: Ball
1-0: Foul Ball, location: 2F
1-1: Ball
2-1: Foul Ball, location: 5F
2-2: Ball
3-2: Foul Ball, location: 2F
3-2: Reached on error, E6 (Groundball, 6M, EV 80.6 MPH)
Lloyd Hallamore to third
Jamie St. John to second
Batting: LHB Andres Lopez 0-0: Called Strike
0-1: Called Strike
0-2: Strikes out swinging
Bottom of the 2nd over - 2 runs, 3 hits, 1 error, 3 left on base; Lehigh Valley 3 - Norfolk 2
TOP OF THE 3RD
Lehigh Valley IronPigs batting - Pitching for Norfolk Tides : RHP Aaron Hayhurst
Batting: RHB Mike Hadley 0-0: Swinging Strike
0-1: Ball
1-1: Ball
2-1: Foul Ball, location: 9LMF
2-2: Ball
3-2: Strikes out swinging
Batting: RHB Ricardo Ortiz 0-0: Ground out 5-3 (Groundball, 56, EV 108.1 MPH)
Batting: RHB John Zanin 0-0: Ball
1-0: Called Strike
1-1: Swinging Strike
1-2: Ground out 4-3 (Groundball, 4, EV 93.8 MPH)
Top of the 3rd over - 0 runs, 0 hits, 0 errors, 0 left on base; Lehigh Valley 3 - Norfolk 2
BOTTOM OF THE 3RD
Norfolk Tides batting - Pitching for Lehigh Valley IronPigs : RHP Leonardo Aguirre
Batting: RHB Anthon de Graauw 0-0: Fly out, F4 (Line Drive, 4, EV 66.9 MPH)
Batting: LHB Kevin Traynham 0-0: Ball
1-0: Ball
2-0: Fly out, F3 (Popup, 3F, EV 56.3 MPH)
Batting: RHB Dale Norvell 0-0: Fly out, F4 (Popup, 4, EV 62.5 MPH)
Bottom of the 3rd over - 0 runs, 0 hits, 0 errors, 0 left on base; Lehigh Valley 3 - Norfolk 2
TOP OF THE 4TH
Lehigh Valley IronPigs batting - Pitching for Norfolk Tides : RHP Aaron Hayhurst
Batting: SHB Cesar Quinteros 0-0: Ball
1-0: Ball
2-0: Foul Ball, location: 2F
2-1: Called Strike
2-2: Ball
3-2: Strikes out swinging
Batting: RHB Aaron Marler 0-0: Ground out 1-3 (Groundball, 15S, EV 70.6 MPH)
Batting: RHB Jiao-long Xue 0-0: Called Strike
0-1: Foul Ball, location: 9LSF
0-2: Ball
1-2: Ground out 4-3 (Groundball, 4M, EV 92.5 MPH)
Top of the 4th over - 0 runs, 0 hits, 0 errors, 0 left on base; Lehigh Valley 3 - Norfolk 2
BOTTOM OF THE 4TH
Norfolk Tides batting - Pitching for Lehigh Valley IronPigs : RHP Leonardo Aguirre
Batting: LHB Jesus Garcia 0-0: Ball
1-0: Ground out 6-3 (Groundball, 6M, EV 80.0 MPH)
Batting: RHB Gene Wilcox 0-0: Called Strike
0-1: Called Strike
0-2: Strikes out looking
Batting: RHB Lloyd Hallamore 0-0: Ball
1-0: Swinging Strike
1-1: Ball
2-1: Ball
3-1: Swinging Strike
3-2: Strikes out swinging
Bottom of the 4th over - 0 runs, 0 hits, 0 errors, 0 left on base; Lehigh Valley 3 - Norfolk 2
TOP OF THE 5TH
Lehigh Valley IronPigs batting - Pitching for Norfolk Tides : RHP Aaron Hayhurst
Batting: LHB Jim Unknown 0-0: Called Strike
0-1: Ball
1-1: Swinging Strike
1-2: Ball
2-2: Ball
3-2: Strikes out swinging
Batting: SHB Jim Unknown 0-0: Ball
1-0: Called Strike
1-1: Ball
2-1: Foul Ball, location: 2F
2-2: Foul Ball, location: 2F
2-2: Fly out, F6 (Line Drive, 6, EV 66.9 MPH)
Batting: LHB Justin Clark 0-0: Foul Ball, location: 23FF
0-1: Ball
1-1: Hit by Pitch
Batting: RHB Mike Hadley 0-0: Ball
1-0: Foul Ball, location: 2F
1-1: Fielders Choice at 2nd, 5-4 (Groundball, 5, EV 95.6 MPH)
Top of the 5th over - 0 runs, 0 hits, 0 errors, 1 left on base; Lehigh Valley 3 - Norfolk 2
BOTTOM OF THE 5TH
Norfolk Tides batting - Pitching for Lehigh Valley IronPigs : RHP Leonardo Aguirre
Batting: SHB Jamie St. John 0-0: Ball
1-0: Ball
2-0: Ball
3-0: Called Strike
3-1: Foul Ball, location: 3F
3-2: Foul Ball, location: 2F
3-2: Foul Ball, location: 2F
3-2: Fly out, F7 (Flyball, 78D, EV 99.4 MPH)
Batting: SHB Jarrett Crawford 0-0: Foul Ball, location: 2F
0-1: Ball
1-1: Ball
2-1: Swinging Strike
2-2: Ball
3-2: Strikes out swinging
Batting: LHB Andres Lopez 0-0: Ball
1-0: Ball
2-0: Swinging Strike
2-1: Foul Ball, location: 2F
2-2: Strikes out swinging
Bottom of the 5th over - 0 runs, 0 hits, 0 errors, 0 left on base; Lehigh Valley 3 - Norfolk 2
TOP OF THE 6TH
Lehigh Valley IronPigs batting - Pitching for Norfolk Tides : RHP Aaron Hayhurst
Batting: RHB Ricardo Ortiz 0-0: Ball
1-0: Swinging Strike
1-1: Fly out, F7 (Flyball, 78D, EV 87.5 MPH)
Batting: RHB John Zanin 0-0: Foul Ball, location: 9LSF
0-1: Foul Ball, location: 9LMF
0-2: Strikes out swinging
Batting: SHB Cesar Quinteros 0-0: SINGLE (Line Drive, 9S, EV 103.8 MPH)
Batting: RHB Aaron Marler 0-0: Ball
1-0: Foul Ball, location: 2RF
1-1: Called Strike
1-2: Ball
2-2: Fly out, F8 (Flyball, 8LXD, EV 106.3 MPH)
Top of the 6th over - 0 runs, 1 hit, 0 errors, 1 left on base; Lehigh Valley 3 - Norfolk 2
BOTTOM OF THE 6TH
Norfolk Tides batting - Pitching for Lehigh Valley IronPigs : RHP Leonardo Aguirre
Pitching: RHP Erik Roth
Batting: RHB Anthon de Graauw 0-0: Called Strike
0-1: Foul Ball, location: 3F
0-2: Strikes out looking
Batting: LHB Kevin Traynham 0-0: Foul Ball, location: 3FF
0-1: Called Strike
0-2: Ball
1-2: Strikes out swinging
Batting: RHB Dale Norvell 0-0: Ball
1-0: Called Strike
1-1: Ball
2-1: Fly out, F9 (Flyball, 9, EV 93.1 MPH)
Bottom of the 6th over - 0 runs, 0 hits, 0 errors, 0 left on base; Lehigh Valley 3 - Norfolk 2
TOP OF THE 7TH
Lehigh Valley IronPigs batting - Pitching for Norfolk Tides : RHP Aaron Hayhurst
Batting: RHB Jiao-long Xue 0-0: Foul Ball, location: 2F
0-1: Foul Ball, location: 7LDF
0-2: Ball
1-2: Foul Ball, location: 2F
1-2: Ball
2-2: Foul Ball, location: 2F
2-2: Ball
3-2: Strikes out swinging
Batting: LHB Jim Unknown 0-0: DOUBLE (Line Drive, 7LD, EV 100.6 MPH)
Pitching: LHP Malachi Phillips
Batting: SHB Jim Unknown 0-0: Ground out 5-3 (Groundball, 56, EV 87.5 MPH)
Batting: LHB Justin Clark 0-0: Ball
1-0: Called Strike
1-1: Called Strike
1-2: Ball
2-2: SINGLE (Flyball, 89S, EV 92.5 MPH)
Jim Unknown to third
Runner from 3rd tries for Home, SAFE, throw by RF to home
Batting: RHB Mike Hadley 0-0: Foul Ball, location: 2F
0-1: Ball
Justin Clark steals 2nd base
1-1: Ball
2-1: Ball
3-1: Foul Ball, location: 2F
3-2: Foul Ball, location: 3F
3-2: Strikes out swinging
Top of the 7th over - 1 run, 2 hits, 0 errors, 1 left on base; Lehigh Valley 4 - Norfolk 2
BOTTOM OF THE 7TH
Norfolk Tides batting - Pitching for Lehigh Valley IronPigs : RHP Erik Roth
Batting: LHB Jesus Garcia 0-0: Swinging Strike
0-1: Foul Ball, location: 7LSF
0-2: Ball
1-2: Ball
2-2: Foul Ball, location: 3F
2-2: Ball
3-2: Base on Balls
Pinch Hitting: LHB Beau Romano 0-0: Called Strike
0-1: Ball
1-1: SINGLE (Line Drive, 6D, EV 106.3 MPH)
Jesus Garcia to second
Batting: RHB Lloyd Hallamore 0-0: Called Strike
0-1: Ball
1-1: Ball
2-1: Fly out, F7 (Flyball, 7S, EV 89.4 MPH)
Batting: SHB Jamie St. John 0-0: Ball
1-0: Ball
2-0: Called Strike
2-1: Foul Ball, location: 7LDF
2-2: Ball
3-2: Base on Balls
Jesus Garcia to third
Beau Romano to second
Pitching: RHP David Hayes
Batting: SHB Jarrett Crawford 0-0: Called Strike
0-1: Foul Ball, location: 2F
0-2: Ball
1-2: Foul Ball, location: 2F
1-2: SINGLE (Groundball, 34, EV 101.9 MPH)
Jesus Garcia scores
Beau Romano to third
Jamie St. John to second
Batting: LHB Andres Lopez 0-0: Ball
1-0: Ball
2-0: Foul Ball, location: 2F
2-1: Called Strike
2-2: SINGLE (Groundball, 34, EV 103.1 MPH)
Beau Romano scores
Jamie St. John to third
Jarrett Crawford to second
Pinch Hitting: LHB Isaiah Brown 0-0: Ball
Wild Pitch!
Jamie St. John scores
Jarrett Crawford to third
Andres Lopez to second
1-0: Ball
2-0: Ball
3-0: Base on Balls
Batting: LHB Kevin Traynham 0-0: Grounds into double play, 6-2-3 (Groundball, 56, EV 106.9 MPH)
Bottom of the 7th over - 3 runs, 3 hits, 0 errors, 2 left on base; Lehigh Valley 4 - Norfolk 5
TOP OF THE 8TH
Lehigh Valley IronPigs batting - Pitching for Norfolk Tides : LHP Malachi Phillips
Now at 3B: Jonathan Wickersham
Now in RF: Ryan Anderson
Batting: RHB Ricardo Ortiz 0-0: Foul Ball, location: 9LMF
0-1: Ball
1-1: Called Strike
1-2: Foul Ball, location: 2F
1-2: Strikes out looking
Batting: RHB John Zanin 0-0: Ball
1-0: Swinging Strike
1-1: Foul Ball, location: 3FF
1-2: Ball
2-2: Foul Ball, location: 2F
2-2: Foul Ball, location: 5FF
2-2: Ball
3-2: Strikes out swinging
Batting: SHB Cesar Quinteros 0-0: Ball
1-0: Called Strike
1-1: Ball
2-1: Ball
3-1: Base on Balls
Batting: RHB Aaron Marler 0-0: SINGLE (Line Drive, 9LM, EV 96.9 MPH)
Cesar Quinteros to second
Runner from 2nd tries for 3rd, SAFE, throw by RF made to third
Batting: RHB Jiao-long Xue 0-0: Called Strike
0-1: Ball
1-1: Fly out, F8 (Flyball, 8LM, EV 97.5 MPH)
Top of the 8th over - 0 runs, 1 hit, 0 errors, 2 left on base; Lehigh Valley 4 - Norfolk 5
BOTTOM OF THE 8TH
Norfolk Tides batting - Pitching for Lehigh Valley IronPigs : RHP David Hayes
Batting: RHB Dale Norvell 0-0: Called Strike
0-1: Ball
1-1: Ball
2-1: Called Strike
2-2: Ball
3-2: Foul Ball, location: 9LMF
3-2: Ground out 5-3 (Groundball, 5S, EV 94.4 MPH)
Batting: LHB Jesus Garcia 0-0: Ball
1-0: Called Strike
1-1: Foul Ball, location: 2F
1-2: Foul Ball, location: 7LMF
1-2: Strikes out swinging
Batting: RHB Jonathan Wickersham 0-0: Ball
1-0: Ball
2-0: SINGLE (Line Drive, 9S, EV 100.6 MPH)
Batting: RHB Lloyd Hallamore 0-0: Called Strike
0-1: Foul Ball, location: 2F
0-2: Ball
Jonathan Wickersham steals 2nd base
1-2: Ball
2-2: Strikes out swinging
Bottom of the 8th over - 0 runs, 1 hit, 0 errors, 1 left on base; Lehigh Valley 4 - Norfolk 5
TOP OF THE 9TH
Lehigh Valley IronPigs batting - Pitching for Norfolk Tides : LHP Malachi Phillips
Batting: LHB Jim Unknown 0-0: Foul Ball, location: 2F
0-1: Called Strike
0-2: Ball
1-2: Strikes out looking
Batting: SHB Jim Unknown 0-0: Swinging Strike
0-1: Ball
1-1: Ball
2-1: Ground out U3 (Groundball, 23, EV 87.5 MPH)
Batting: LHB Justin Clark 0-0: Called Strike
0-1: Ball
1-1: Ground out U3 (Groundball, 3, EV 105.6 MPH)
Top of the 9th over - 0 runs, 0 hits, 0 errors, 0 left on base; Lehigh Valley 4 - Norfolk 5
Sunday, May 5th , 2024 - OOTP Baseball 24.11 Build 85